Map: Thunderbird LE

Players

Pogo - Winner!

  • Race: Zerg Zerg
  • Spawn Location: 5:00

Mesrob

  • Race: Terran Terran
  • League: Platinum
  • Spawn Location: 11:00

VOD

Have the link to the VOD?

Description

Time

  • Played on: July 16, 2019, 1:46 a.m.
  • Length: 16:00
Show
View Real Time Build Order
Export as new Build Order

Pogo Zerg - Winner!

Build Orders: Hatch First, Swarm Host 

Get SALT Encoding   

  12  0:01  Drone  
  13  0:12  Overlord  
  13  0:20  Drone  
  14  0:33  Drone  
  14  0:34  Drone  
  14  0:35  Drone  
  17  0:55  Hatchery  
  17  0:56  Drone  
  17  1:01  Drone  
  18  1:15  Spawning Pool  
  17  1:21  Extractor, Drone x2  
  18  1:31  Drone  
  19  1:39  Drone  
  20  1:49  Overlord  
  20  2:02  Queen  
  20  2:07  Queen  
  25  2:08  Zergling x2, Drone  
  26  2:18  Drone x2  
  28  2:27  Drone  
  28  2:40  Metabolic Boost  
  28  2:42  Drone  
  28  2:43  Drone x2  
  31  2:56  Drone x2  
  31  2:57  Drone  
  34  3:01  Hatchery  
  34  3:04  Queen  
  35  3:08  Overlord  
  35  3:11  Drone  
  36  3:20  Extractor  
  36  3:24  Drone  
  36  3:25  Overlord  
  36  3:35  Drone x2  
  36  3:36  Drone  
  39  3:43  Overlord  
  39  3:50  Lair  
  39  3:51  Drone x2  
  39  3:52  Drone x2  
  43  3:58  Evolution Chamber  
  43  4:01  Drone x3  
  45  4:14  Queen  
  45  4:16  Drone x6  
  54  4:17  Drone  
  54  4:22  Extractor  
  53  4:24  Extractor  
  53  4:25  Zerg Ground Armor Level 1  
  52  4:52  Baneling Nest  
  51  4:59  Spore Crawler, Overlord x2  
  50  5:01  Pneumatized Carapace  
  50  5:10  Hydralisk Den  
  50  5:11  Drone x3  
  50  5:12  Drone x2  
  54  5:14  Evolution Chamber  
  54  5:16  Zergling x2  
  54  5:17  Zergling x10  
  59  5:23  Overseer  
  59  5:25  Hatchery, Overseer  
  59  5:28  Drone x2  
  60  5:48  Drone x2  
  62  5:50  Extractor  
  62  5:51  Overlord  
  62  5:52  Extractor  
  62  5:53  Zergling x12  
  66  6:00  Baneling x4  
  66  6:03  Hydralisk x2  
  68  6:04  Hydralisk x2  
  68  6:10  Hydralisk  
  68  6:11  Hydralisk x2  
  72  6:36  Hydralisk x3  
  75  6:43  Grooved Spines  
  75  6:45  Zerg Ground Armor Level 2, Zerg Missile Weapons Level 1  
  75  6:47  Drone x2  
  75  6:48  Drone x3  
  80  6:56  Drone x2  
  80  7:00  Drone x2  
  84  7:15  Overlord x3  
  84  7:17  Drone  
  84  7:18  Drone x2  
  87  7:28  Overlord x3  
  87  7:35  Infestation Pit, Hydralisk  
  87  7:36  Hydralisk x4  
  96  7:51  Hydralisk  
  96  7:52  Hydralisk x5  
  96  7:54  Muscular Augments  
  109  8:05  Drone x2  
  109  8:08  Overlord  
  109  8:09  Overlord x2  
  109  8:11  Drone x4  
  109  8:12  Drone x2  
  116  8:23  Hydralisk x2  
  120  8:29  Hive  
  120  8:40  Hatchery  
  119  8:43  Overlord x2  
  119  8:44  Overlord  
  119  8:45  Drone x3  
  122  8:49  Extractor  
  122  8:51  Spore Crawler  
  122  8:54  Drone x2  
  122  8:55  Extractor  
  121  9:16  Swarm Host x2  
  121  9:17  Swarm Host x5  
  121  9:19  Zerg Missile Weapons Level 2  
  142  9:27  Hydralisk  
  144  9:32  Spire  
  142  9:52  Drone x3  
  145  10:14  Adrenal Glands  
  145  10:15  Zergling x4, Ultralisk Cavern  
  146  10:24  Drone, Overlord x2  
  146  10:27  Queen x5  
  157  10:33  Hatchery, Evolution Chamber  
  157  10:34  Pathogen Glands  
  155  10:39  Swarm Host  
  155  10:40  Swarm Host x3  
  145  11:08  Hydralisk x2  
  145  11:09  Hydralisk x6  
  145  11:11  Zergling x28  
  140  11:12  Zergling x12  
  140  11:16  Corruptor  
  149  11:19  Drone x4  
  151  11:31  Neural Parasite  
  151  11:47  Baneling x5  
  151  11:48  Baneling  
  151  11:51  Drone x3  
  151  11:53  Viper x2  
  151  11:54  Corruptor x3, Viper  
  157  11:55  Corruptor  
  157  11:56  Chitinous Plating  
  171  12:35  Corruptor x3, Greater Spire  
  177  12:38  Zerg Ground Armor Level 3, Zerg Missile Weapons Level 3  
  177  12:41  Zerg Melee Weapons Level 1  
  177  13:18  Corruptor x5  
  187  13:39  Corruptor x2  
  187  13:40  Corruptor x2  
  195  13:43  Baneling x9  
  195  13:44  Hatchery, Baneling x9  
  173  14:22  Corruptor x3  
  179  14:34  Hydralisk, Ultralisk x4  
  179  14:35  Hydralisk x3  
  194  14:45  Hydralisk x4  
  188  14:47  Brood Lord  
  198  14:56  Hydralisk  
  198  14:57  Hydralisk  
  199  15:02  Brood Lord  
  199  15:03  Brood Lord  
  199  15:04  Brood Lord  
  199  15:05  Overlord x2  
  197  15:08  Hydralisk x2  
  197  15:13  Roach Warren  
  199  15:16  Anabolic Synthesis  
  199  15:41  Extractor  
  198  15:44  Extractor  
Show
View Real Time Build Order
Export as new Build Order

Mesrob Terran 

Build Orders: 2 Factory, Reaper Expand 

Get SALT Encoding   

  12  0:00  SCV  
  13  0:13  SCV  
  14  0:17  Supply Depot  
  14  0:25  SCV  
  15  0:38  SCV  
  15  0:40  Barracks  
  16  0:48  Refinery  
  16  0:50  SCV  
  17  1:02  SCV  
  18  1:15  SCV  
  19  1:31  Orbital Command  
  19  1:39  Command Center  
  19  1:49  Reaper  
  19  1:52  Refinery  
  20  2:03  SCV  
  21  2:09  Factory  
  21  2:15  SCV  
  22  2:16  Supply Depot  
  22  2:31  Supply Depot  
  22  2:35  Barracks Reactor  
  22  2:48  SCV  
  23  2:52  Engineering Bay  
  23  2:56  Orbital Command  
  23  3:00  SCV  
  24  3:12  Supply Depot, SCV  
  25  3:22  Factory  
  25  3:24  Hellion x2  
  29  3:31  SCV x2  
  31  3:34  Supply Depot  
  31  3:43  SCV  
  31  3:44  SCV, Armory  
  33  3:53  Hellion  
  33  3:55  SCV  
  36  3:56  SCV  
  36  3:57  Hellion  
  39  4:07  SCV  
  39  4:08  SCV  
  41  4:12  Missile Turret  
  41  4:14  Factory Tech Lab  
  41  4:24  SCV  
  41  4:25  SCV  
  41  4:30  Supply Depot  
  43  4:32  Hellion x2  
  43  4:33  Cyclone  
  50  4:45  Terran Vehicle Weapons Level 1  
  50  4:47  Mag-Field Accelerator  
  50  4:50  SCV x2  
  52  4:54  Command Center  
  52  5:00  Hellion x2  
  52  5:02  SCV  
  57  5:11  Armory  
  57  5:14  SCV  
  58  5:39  Cyclone  
  58  5:40  Hellion x2  
  58  5:42  SCV  
  66  5:43  SCV  
  67  5:54  Factory, SCV  
  67  5:55  Factory, SCV  
  69  6:07  Supply Depot  
  68  6:23  Cyclone  
  68  6:24  Hellion x2  
  73  6:41  Factory  
  73  6:49  Starport  
  73  6:51  Starport  
  73  6:56  Factory Reactor  
  73  6:57  Factory Tech Lab  
  73  7:01  Hellion x2  
  77  7:05  Refinery  
  77  7:06  Refinery  
  77  7:19  Planetary Fortress  
  77  7:21  Refinery x2  
  77  7:22  SCV x2  
  79  7:27  Starport Reactor  
  79  7:34  SCV x2  
  81  7:40  Terran Vehicle And Ship Armor Level 1  
  81  7:43  Hellion x3  
  89  7:44  Hellion, Factory Tech Lab  
  89  7:50  SCV  
  90  7:51  SCV  
  90  7:58  Hellion x2  
  95  8:02  SCV  
  95  8:03  SCV  
  97  8:10  SCV  
  98  8:14  SCV  
  98  8:16  Missile Turret, SCV  
  100  8:22  SCV  
  101  8:34  Supply Depot  
  101  8:36  Missile Turret  
  101  8:38  Liberator x2  
  101  8:39  SCV x3, Cyclone  
  107  8:43  Missile Turret  
  107  8:46  Missile Turret  
  107  8:48  Supply Depot  
  107  8:50  Supply Depot  
  107  8:51  SCV  
  108  8:56  Starport Tech Lab  
  108  8:57  Missile Turret  
  108  8:58  Supply Depot, Missile Turret  
  108  8:59  SCV x2  
  116  9:03  SCV  
  116  9:07  Infernal Pre-Igniter  
  117  9:10  Missile Turret, Cyclone x2  
  117  9:11  SCV  
  117  9:12  Hellion  
  117  9:13  Hellion x3  
  117  9:14  Supply Depot x2  
  132  9:21  Missile Turret  
  132  9:22  Supply Depot  
  130  9:39  Supply Depot  
  130  9:40  Supply Depot  
  130  9:43  Missile Turret  
  130  9:44  SCV x2  
  132  9:46  Supply Depot  
  130  9:53  Liberator x2  
  130  9:54  Liberator  
  130  9:55  SCV  
  130  9:56  Command Center, SCV x2  
  129  10:04  Cyclone x3  
  129  10:06  Hellion x4, Supply Depot  
  146  10:10  Command Center  
  155  10:36  Liberator x2  
  155  10:38  Sensor Tower  
  159  11:02  Liberator  
  120  11:10  Refinery  
  88  11:14  Cyclone x3  
  88  11:16  Hellion x2  
  88  11:17  Hellion x2  
  97  11:19  Liberator x2  
  100  11:28  Planetary Fortress  
  100  11:36  Missile Turret  
  100  11:38  Hellion x4  
  114  11:45  Liberator  
  114  11:46  Cyclone x3  
  123  11:47  Command Center  
  123  11:56  Missile Turret  
  123  12:02  Liberator, SCV x3  
  123  12:07  Hellion x2  
  123  12:08  Hellion x2  
  137  12:14  SCV x3  
  139  12:16  Missile Turret  
  139  12:17  Terran Vehicle And Ship Armor Level 2  
  139  12:18  Cyclone x2, Terran Vehicle Weapons Level 2  
  139  12:19  Cyclone  
  151  12:26  SCV  
  152  12:56  Command Center  
  152  13:03  Missile Turret  
  152  13:09  Liberator x2  
  159  13:28  Raven  
  158  13:35  Hellion  
  158  13:36  Hellion x6  
  172  13:51  Liberator  
  172  13:52  Liberator  
  169  13:56  Hellion  
  169  13:57  Hellion x6  
  164  14:11  Raven  
  146  14:18  Hellion x6  
  146  14:19  Hellion  
  146  14:34  Liberator x2  
  146  14:37  Liberator  
  127  14:39  Hellion  
  127  14:40  Hellion x6  
  141  15:01  Hellion x4, Cyclone x3  
  105  15:29  Hellion x4  
Tags
 
Add a new tag
Caveats
  • Supply blocks, unpowered buildings, or Contaminate may cause inaccurate times.
  • Supply counts are checked every 10 seconds.